 Dungeon Crawl Stone Soup version 0.30-a0-1016-gfb0d676c02 (webtiles) character file.

Game seed: 969806017169470189

144313 pkoi the Severer (level 16, -4/159 HPs)
             Began as a Minotaur Gladiator on Apr 4, 2023.
             Was an Initiate of Gozag.
             Slain by a ghost moth (12 damage)
             ... on level 2 of the Lair of Beasts on Apr 6, 2023.
             The game lasted 01:07:09 (36630 turns).

pkoi the Severer (Minotaur Gladiator)              Turns: 36630, Time: 01:07:10

Health: -4/159     AC: 28    Str: 26 (27) XL:     16   Next: 55%
Magic:  1/15       EV: 17    Int:  4 (5)  God:    Gozag
Gold:   2581       SH:  7    Dex: 12 (15) Spells: 15/15 levels left

rFire   . . .      SeeInvis .    A - +5 battleaxe of Yesterday {venom, rPois rC+ Str+2}
rCold   + + +      Faith    .    (shield currently unavailable)
rNeg    . . .      Spirit   .    h - +5 chain mail of Indecent Exposure {Will+ Str+3 Dex+5}
rPois   +          Reflect  +    c - +1 hat
rElec   .          Rampage  .    m - +0 cloak {Will+}
rCorr   .                        e - +1 pair of gloves of Isarat {rPois}
Will    +++..                    S - +0 pair of boots of Binkeadgh {rPois rC++ Str-5 Int+2} Stlth
                                 y - amulet of reflection
HPRegen 0.46/turn                P - ring of the Octopus King {rC+ HP+2 AC+2 EV+2 SH+2}
MPRegen 0.14/turn                k - +5 ring of evasion

@: spiked, gold aura, studying Fire Magic
A: horns 2, retaliatory headbutt, clumsy 1, dopey 1, screaming 1
}: 1/15 runes: decaying
a: Renounce Religion, Potion Petition, Call Merchant, Bribe Branch


You were on level 2 of the Lair of Beasts.
You worshipped Gozag.
Gozag was most pleased with you.
You visited 5 branches of the dungeon, and saw 26 of its levels.
You also visited: Trove and Gauntlet.

You collected 8991 gold pieces.
You spent 2310 gold pieces at shops.
You paid 4100 gold pieces to Gozag.

Inventory:

Hand Weapons
 a - a +1 heavy war axe
 b - a +2 war axe of flaming
 g - the +8 sling of Eternal War {freeze, rF+ rC+ rN+ Int+2}
   (You found it on level 12 of the Dungeon)

   Int:       It affects your intelligence (+2).
   rF:        It protects you from fire.
   rC:        It protects you from cold.
   rN:        It protects you from negative energy.
 A - the +5 battleaxe of Yesterday (weapon) {venom, rPois rC+ Str+2}
   (You bought it in a shop on level 4 of the Swamp)

   Str:       It affects your strength (+2).
   rC:        It protects you from cold.
   rPois:     It protects you from poison.
 I - the +1 mace of Lies {heavy, rN+++ rCorr Str+3 Dex-4}
   (You bought it in a shop on level 5 of the Lair of Beasts)

   Str:       It affects your strength (+3).
   Dex:       It affects your dexterity (-4).
   rN:        It renders you almost immune to negative energy.
   rCorr:     It protects you from acid and corrosion.
Missiles
 d - a throwing net (quivered)
Armour
 c - a +1 hat (worn)
 e - the +1 pair of gloves of Isarat (worn) {rPois}
   (You found it in a treasure trove)

   rPois:     It protects you from poison.
 h - the +5 chain mail of Indecent Exposure (worn) {Will+ Str+3 Dex+5}
   (You found it in a treasure trove)

   Str:       It affects your strength (+3).
   Dex:       It affects your dexterity (+5).
   Will:      It increases your willpower.
 m - a +0 cloak of willpower (worn)
 S - the +0 pair of boots of Binkeadgh (worn) {rPois rC++ Str-5 Int+2}
   (You found it on level 2 of the Lair of Beasts)

   Str:       It affects your strength (-5).
   Int:       It affects your intelligence (+2).
   rC:        It greatly protects you from cold.
   rPois:     It protects you from poison.
Jewellery
 f - a ring of positive energy
 k - a +5 ring of evasion (right hand)
 t - a ring of resist corrosion
 y - an amulet of reflection (around neck)
 B - a ring of see invisible
 P - a ring of the Octopus King (left hand) {rC+ HP+2 AC+2 EV+2 SH+2}
   (You took it off a minotaur in a Gauntlet)

   [ring of protection from cold]

   AC:        It affects your AC (+2).
   EV:        It affects your evasion (+2).
   rC:        It protects you from cold.
   HP:        It affects your health (+2).
   SH:        It affects your SH (+2).
 Y - an amulet of regeneration
Wands
 r - a wand of flame (28)
 w - a wand of mindburst (13)
 F - a wand of light (9)
 G - a wand of charming (19)
 M - a wand of digging (21)
 N - a wand of iceblast (20)
 V - a wand of polymorph (31)
Scrolls
 i - 12 scrolls of teleportation
 n - 6 scrolls of fog
 p - a scroll of butterflies
 q - a scroll of poison
 u - a scroll of amnesia
 x - 2 scrolls of enchant armour
 C - 5 scrolls of magic mapping
 J - a scroll of brand weapon
 O - 5 scrolls of fear
 R - 3 scrolls of blinking
Potions
 j - 8 potions of ambrosia
 l - 9 potions of haste
 o - 12 potions of curing
 s - 2 potions of invisibility
 v - a potion of cancellation
 z - 5 potions of might
 D - 2 potions of resistance
 E - 5 potions of flight
 H - 2 potions of heal wounds


   Skills:
 - Level 18.0 Fighting
 + Level 20.7 Axes
 - Level 2.1 Throwing
 - Level 18.0 Armour
 - Level 3.4 Dodging
 - Level 12.0 Evocations


You had 15 spell levels left.
You didn't know any spells.
Your spell library contained the following spells:

 Spells                   Type           Power      Damage    Failure   Level
 Freeze                   Ice            0%         1d3       85%         1
 Kiss of Death            Conj/Necr      0%         2d5       85%         1
 Slow                     Hex            0%         N/A       85%         1
 Static Discharge         Conj/Air       0%         2-2/arc   94%         2
 Confusing Touch          Hex            0%         N/A       99%         3
 Frozen Ramparts          Ice            0%         1d1       99%         3
 Hailstorm                Conj/Ice       0%         3d3       99%         3
 Ozocubu's Armour         Ice            0%         N/A       99%         3
 Portal Projectile        Hex/Tloc       0%         N/A       99%         3
 Tukima's Dance           Hex            0%         N/A       99%         3
 Vampiric Draining        Necr           0%         2d6       99%         3
 Vhi's Electric Charge    Tloc/Air       0%         N/A       99%         3
 Airstrike                Air            0%         2d(0-16)  100%        4
 Cause Fear               Hex            0%         N/A       100%        4
 Dispel Undead            Necr           0%         3d6       100%        4
 Summon Lightning Spire   Summ/Air       0%         N/A       100%        4
 Arcjolt                  Conj/Air       0%         1d10      100%        5
 Blade Hands              Tmut           0%         N/A       100%        5
 Freezing Cloud           Conj/Ice/Air   0%         6-21      100%        5
 Metabolic Englaciation   Hex/Ice        0%         N/A       100%        5
 Plasma Beam              Fire/Air       0%         2x1d11    100%        6
 Dragon Form              Tmut           0%         N/A       100%        7
 Ozocubu's Refrigeration  Ice            0%         4d7       100%        7
 Borgnjor's Revivificati  Necr           0%         N/A       100%        8
 Necromutation            Tmut/Necr      0%         N/A       100%        8
 Death's Door             Necr           0%         N/A       100%        9
 Dragon's Call            Summ           0%         N/A       100%        9
 Polar Vortex             Ice            0%         N/A       100%        9
 Simulacrum               Ice/Necr       Unusable   N/A       N/A         6

Dungeon Overview and Level Annotations

Branches:
Dungeon (15/15)            Temple (1/1) D:4            Lair (5/5) D:11
  Swamp (4/4) Lair:2       Spider (1/4) Lair:2        Slime (0/5) Lair:4
    Orc (0/2) D:10         Vaults (0/5) D:13         Depths (0/4) D:15
Gauntlet (visited)

Altars:
Ashenzari
Cheibriados
Dithmenos
Elyvilon
Fedhas
Gozag
Hepliaklqana
Kikubaaqudgha
Makhleb
Nemelex Xobeh
Okawaru
Qazlal
Ru
Sif Muna
Trog
Uskayaw
Vehumet
Wu Jian
Xom
Yredelemnul
Zin
The Shining One
Jiyva

Shops:
D:2 *   D:10 [   Lair:5 (   Swamp:4 (

Portals:
Hell: Lair:5

Annotations:
D:13 2 transporters, CornPuffBuddha's ghost, journeyman DrBe
Lair:5 exclusion: oklob plant
Swamp:2 3 runed translucent doors, Ahup's ghost, adept MiFi; SoulCrusher669's ghost, adept DsGl; Vioczuc's ghost, adept TrCK
Swamp:3 2 transporters, Rendar's ghost, adept TrEE


Innate Abilities, Weirdness & Mutations

You have a pair of horns on your head.
You reflexively headbutt those who attack you in melee.
You are clumsy. (Dex -2)
You are dopey. (Int -2)
You occasionally shout uncontrollably at your foes.


Message History

The culicivora looks even sicker.
You kill the culicivora!
The jumping spider looks as sick as possible!
The orb spider is engulfed in poison gas.
The orb spider looks even sicker.
The jumping spider is engulfed in poison gas.
The jumping spider looks even sicker.
The jumping spider leaps!
Something hits you but does no damage. x2
Something stings you but does no damage.
The orb spider is engulfed in poison gas.
The orb spider looks as sick as possible!
The barbs in your skin will harm you if you move.
Continue?
Okay, then.
There are monsters nearby!
You barely miss something. You headbutt something! You hit the jumping spider.
The jumping spider looks as sick as possible!
The wolf spider is engulfed in poison gas.
The wolf spider looks even sicker.
The steelbarb worm is engulfed in poison gas.
The steelbarb worm looks as sick as possible!
You block something's attack. Something hits you but does no damage.
Something stings you.
* * * LOW HITPOINT WARNING * * *
You feel clumsy.
The jumping spider leaps!
Unknown command.
Unknown command.
You completely miss something.
The orb spider is engulfed in poison gas.
The orb spider looks as sick as possible!
The orb spider pulsates with a strange energy.
The steelbarb worm is engulfed in poison gas.
The steelbarb worm looks as sick as possible!
The broodmother is engulfed in poison gas.
The broodmother looks as sick as possible!
Something completely misses you. Something hits you.
* * * LOW HITPOINT WARNING * * *
Something stings you!
You die...
Your body crumbles into a pile of gold.

....##...##....+....###†####..#
...P##..#......#....#....###..#
...P######....##P..##....†##.##
...#######P....###.#......##.###
...##.PP##.......####.....##.#.#
................######.§####..##
...............###§.#s§#..##.##
...............##.§§s☼#§.....#
...............#@°§s☼☼§#.#...#
.........§§§§§§§{.§§w§#§#.#..#
.........§☼§§§§.☼#§s##§§^.##P#
.........§§§§§§§§###§##.#.####
..P.#.P..♣§§§§§§§# ##§§#^.#
...##.P.~♣§§♣☼§§§####.§☼..#
..P#....§[§§§§§§§§..#†.§.†#
..##....§~§§§§§☼§§..#.....#
..##.....§§♣§...##...#...##


You could see a broodmother (fleeing, extremely poisoned), a steelbarb worm
(fleeing, extremely poisoned), a wolf spider (summoned, fleeing, very poisoned),
an orb spider (summoned, charged, fleeing, extremely poisoned) and a jumping
spider (summoned, extremely poisoned).

Vanquished Creatures
  A fenstrider witch (Swamp:3)
  3 eleionomae
  3 bunyips
  A bunyip (shapeshifter) (D:15)
  A minotaur (Gauntlet)
  3 fire dragons
  Josephine (Lair:4)
  17 hydras
  A shambling mangrove (Swamp:4)
  A catoblepas (D:13)
  Erica (D:9)
  4 two-headed ogres
  4 boulder beetles
  4 centaur warriors
  3 alligators
  6 death yaks
  2 tengu warriors (D:15)
  A spriggan berserker (Lair:2)
  A sun demon (Lair:5)
  2 skysharks (Lair:5)
  2 wretched stars (Gauntlet)
  3 fire crabs
  5 goliath frogs
  4 skeletal warriors (D:13)
  8 swamp dragons
  6 spriggan druids
  9 bog bodies
  A glowing orange brain (D:15)
  A lindwurm (Swamp:4)
  A wizard (Lair:5)
  Pikel (D:5)
  A deep elf pyromancer (D:15)
  A necromancer (D:13)
  18 ugly things
  5 cyclopes
  3 will-o-the-wisps
  35 elephants
  2 manticores
  2 slime creatures (D:15)
  6 centaur zombies (D:11)
  5 black mambas
  An ice statue (Gauntlet)
  Joseph (D:7)
  A smoke demon (Lair:5)
  9 cane toads
  3 gargoyles (D:12)
  6 rime drakes
  6 komodo dragons
  A freezing wraith (D:14)
  An unseen horror (D:13)
  A kobold demonologist (D:11)
  3 ice devils (Lair:5)
  7 yaktaurs (D:15)
  A guardian mummy (D:14)
  2 red devils (Lair:5)
  A tengu conjurer (D:15)
  10 trolls
  A hornet (shapeshifter) (D:9)
  A queen bee (Lair:1)
  10 tyrant leeches
  6 polar bears
  11 hornets
  Prince Ribbit (D:5)
  10 blink frogs
  A blink frog (shapeshifter) (D:15)
  4 dream sheep (Lair:5)
  5 culicivoras (Lair:2)
  2 shadows
  Sigmund (D:5)
  13 spriggans
  2 vampires
  5 wyverns
  6 wraiths
  27 yaks
  2 basilisks (Lair:2)
  A yak (shapeshifter) (D:14)
  18 vampire mosquitoes
  3 neqoxecs (Gauntlet)
  2 steam dragons (Swamp:4)
  A warg (shapeshifter) (D:13)
  Edmund (D:4)
  9 swamp worms
  18 water moccasins
  12 swamp drakes
  5 hell hounds (Lair:5)
  6 orc warriors
  2 ice beasts (D:7)
  A black bear (Lair:3)
  2 sky beasts
  3 ogres (D:6)
  6 wolves
  9 centaurs
  A phantom (D:5)
  2 kobold brigands
  A lemure (D:5)
  5 bullfrogs
  2 scorpions
  3 gnoll sergeants
  3 wights (D:10)
  32 killer bees
  7 electric eels
  A vampire bat (D:13)
  2 howler monkeys
  3 lava snakes
  A human zombie (D:5)
  2 jellies (D:4)
  A gnoll bouda (D:4)
  Crazy Yiuf (D:2)
  8 orc priests
  3 hounds
  A boggart zombie (D:11)
  3 iguanas (D:5)
  10 orc wizards
  Robin (D:4)
  4 howler monkey zombies (D:11)
  29 gnolls
  10 adders
  3 white imps
  An ufetubus (D:5)
  3 worms (D:4)
  A dart slug (D:3)
  35 orcs
  11 bats
  7 endoplasms
  2 giant cockroaches (D:1)
  A gnoll zombie (D:5)
  40 goblins
  35 hobgoblins
  8 jackals
  6 quokkas
  10 ball pythons
  7 frilled lizards
  16 kobolds
  6 rats
  A butterfly (Lair:2)
769 creatures vanquished.

Vanquished Creatures (others)
  A bloated husk (Swamp:1)
  A steam dragon (Swamp:4)
  2 swamp drakes (Swamp:4)
  A bush (Lair:4)
  14 demonic plants (Gauntlet)
  12 foxfires
  23 fungi
  45 plants
99 creatures vanquished.

Grand Total: 868 creatures vanquished

Notes
Turn   | Place    | Note
-------+----------+-------------------------------------------
     0 | D:1      | pkoi the Minotaur Gladiator began the quest for the Orb.
     0 | D:1      | Reached XP level 1. HP: 18/18 MP: 0/0
   380 | D:1      | Reached XP level 2. HP: 21/25 MP: 1/1
   473 | D:1      | Reached skill level 4 in Axes
   770 | D:1      | Reached skill level 1 in Armour
  1267 | D:2      | Found a runed translucent door.
  1268 | D:2      | Noticed Crazy Yiuf
  1349 | D:2      | Found a faded altar of an unknown god.
  1389 | D:2      | Reached XP level 3. HP: 31/31 MP: 2/2
  1626 | D:2      | Found Nanaemn's Assorted Antiques.
  1818 | D:2      | Reached XP level 4. HP: 38/38 MP: 3/3
  2299 | D:3      | Reached skill level 5 in Axes
  2322 | D:3      | Found an opulent altar of Gozag.
  2323 | D:3      | Found a stormy altar of Qazlal.
  2407 | D:3      | Became a worshipper of Gozag Ym Sagoz the Greedy
  2473 | D:3      | Reached XP level 5. HP: 19/46 MP: 4/4
  3056 | D:3      | Found a hazy altar of Hepliaklqana.
  3539 | D:4      | Reached skill level 6 in Axes
  3672 | D:4      | Noticed a wyvern
  3694 | D:4      | Killed a wyvern
  3695 | D:4      | Reached XP level 6. HP: 50/53 MP: 5/5
  3935 | D:4      | Found a staircase to the Ecumenical Temple.
  3943 | Temple   | Entered the Ecumenical Temple
  4238 | D:4      | Reached skill level 7 in Axes
  4455 | D:5      | Entered Level 5 of the Dungeon
  4465 | D:5      | Reached XP level 7. HP: 53/60 MP: 6/6
  4474 | D:5      | Noticed Sigmund
  4501 | D:4      | Reached skill level 5 in Fighting
  4830 | D:4      | Noticed Edmund
  4848 | D:4      | Killed Edmund
  5069 | D:4      | Reached skill level 8 in Axes
  5094 | D:4      | Noticed Robin
  5398 | D:4      | Killed Robin
  5499 | D:4      | Reached skill level 5 in Armour
  6025 | D:5      | Reached XP level 8. HP: 63/70 MP: 7/7
  6108 | D:5      | Noticed Pikel
  6317 | D:5      | HP: 3/70 [Pikel/+1 whip of freezing (5)]
  6324 | D:5      | Killed Pikel
  6325 | D:5      | Reached skill level 9 in Axes
  6538 | D:5      | Killed Sigmund
  6539 | D:5      | Reached skill level 10 in Axes
  6556 | D:5      | Noticed Prince Ribbit
  6576 | D:5      | Killed Prince Ribbit
  6793 | D:5      | Reached XP level 9. HP: 65/75 MP: 8/8
  7212 | D:5      | Found a snail-covered altar of Cheibriados.
  7482 | D:6      | Reached skill level 11 in Axes
  7895 | D:6      | Reached skill level 1 in Evocations
  8425 | D:7      | Found a broken altar of Ashenzari.
  8781 | D:7      | Found an ornate altar of the Wu Jian Council.
  8915 | D:7      | Noticed a two-headed ogre
  8915 | D:7      | Noticed a two-headed ogre
  9134 | D:7      | Noticed Joseph
  9144 | D:7      | Killed Joseph
  9644 | D:8      | Reached XP level 10. HP: 75/86 MP: 9/9
  9946 | D:8      | Noticed a two-headed ogre
  9959 | D:8      | Killed a two-headed ogre
  9960 | D:8      | Reached skill level 12 in Axes
  9960 | D:8      | Reached skill level 10 in Armour
 10254 | D:7      | Killed a two-headed ogre
 10992 | D:9      | Noticed Erica
 11171 | D:9      | Killed Erica
 11266 | D:9      | Reached skill level 5 in Evocations
 11846 | D:10     | Entered Level 10 of the Dungeon
 11857 | D:10     | Found a staircase to the Orcish Mines.
 11915 | D:10     | Identified the +5 hand axe of Vanity {antimagic, Will+
                  | Str+3}
 11943 | D:10     | Reached XP level 11. HP: 97/97 MP: 3/10
 11951 | D:10     | Reached skill level 13 in Axes
 12582 | D:10     | Found a hide-covered altar of Uskayaw.
 13230 | D:7      | Killed a two-headed ogre
 13231 | D:7      | Reached skill level 10 in Fighting
 13390 | D:7      | Found the +12 pair of quick blades "Gyre" and "Gimble"
                  | {protect}
 13647 | D:10     | Bought a +2 cloak of poison resistance for 333 gold pieces
 14302 | D:11     | Found a staircase to the Lair.
 14314 | D:11     | Noticed a two-headed ogre
 14323 | D:11     | Killed a two-headed ogre
 14324 | D:11     | Reached skill level 14 in Axes
 14625 | D:11     | Found a basalt altar of Yredelemnul.
 14816 | D:11     | Reached XP level 12. HP: 112/112 MP: 3/11
 15092 | D:12     | Noticed a boulder beetle
 15109 | D:11     | Reached skill level 15 in Axes
 15146 | D:11     | Killed a boulder beetle
 15548 | D:12     | Identified the +8 sling of Eternal War {freeze, rF+ rC+ rN+
                  | Int+2}
 15608 | D:12     | Found a gate leading to a gauntlet.
 15614 | Gauntlet | Entered a Gauntlet
 15614 | Gauntlet | Found a transporter.
 15614 | Gauntlet | Found a transporter.
 15736 | Gauntlet | Found a transporter.
 15757 | Gauntlet | Found a transporter.
 15759 | Gauntlet | Found a transporter.
 15767 | Gauntlet | Found a transporter.
 15771 | Gauntlet | Found a transporter.
 15785 | Gauntlet | Found a transporter.
 15802 | Gauntlet | Found a transporter.
 15808 | Gauntlet | Found a transporter.
 15813 | Gauntlet | Noticed a quicksilver ooze
 15831 | Gauntlet | Found a transporter.
 15869 | Gauntlet | Found a transporter.
 16130 | Gauntlet | Identified the -1 cloak of Zaisu {Will+}
 16143 | Gauntlet | Gained mutation: You are dopey. (Int -2) [a neqoxec]
 16144 | Gauntlet | Gained mutation: You occasionally shout uncontrollably at
                  | your foes. [a neqoxec]
 16157 | Gauntlet | Gained mutation: You are clumsy. (Dex -2) [a neqoxec]
 16365 | Gauntlet | Identified the staff of conjuration "Vyxiss" {Contam rPois
                  | Will+++ Dex+3}
 16365 | Gauntlet | Found the ring of the Octopus King {rC+ HP+2 AC+2 EV+2
                  | SH+2}
 16365 | Gauntlet | Noticed a minotaur
 16385 | Gauntlet | Killed a minotaur
 17363 | D:13     | Noticed a centaur warrior
 17373 | D:13     | Killed a centaur warrior
 17550 | D:13     | Found a gate to the Vaults.
 17640 | D:13     | Noticed a boulder beetle
 17673 | D:13     | Killed a boulder beetle
 17777 | D:13     | Found a transporter.
 17778 | D:13     | Noticed CornPuffBuddha's ghost (journeyman DrBe)
 17778 | D:13     | Noticed a two-headed ogre
 17778 | D:13     | Noticed a two-headed ogre
 17779 | D:13     | Noticed a two-headed ogre
 17779 | D:13     | Noticed a two-headed ogre
 17780 | D:13     | Noticed a two-headed ogre
 17780 | D:13     | Noticed a two-headed ogre
 17781 | D:13     | Noticed a two-headed ogre
 17783 | D:13     | Found a transporter.
 17804 | D:13     | Reached skill level 16 in Axes
 17918 | D:13     | Noticed a catoblepas
 17935 | D:13     | Killed a catoblepas
 18070 | D:13     | Reached XP level 13. HP: 122/122 MP: 12/12
 18732 | D:2      | Killed Crazy Yiuf
 19018 | Lair:1   | Entered Level 1 of the Lair of Beasts
 20301 | Lair:2   | Identified the +0 pair of boots of Binkeadgh {rPois rC++
                  | Str-5 Int+2}
 20416 | Lair:2   | Found a staircase to the Swamp.
 20418 | Lair:2   | Found a hole to the Spider Nest.
 20533 | Lair:2   | Found a shadowy altar of Dithmenos.
 22641 | Lair:4   | Reached skill level 17 in Axes
 22820 | Lair:4   | Noticed Josephine
 22986 | Lair:4   | Killed Josephine
 22987 | Lair:4   | Reached XP level 14. HP: 97/128 MP: 13/13
 23082 | Lair:4   | Found a staircase to the Slime Pits.
 23083 | Lair:4   | Found a viscous altar of Jiyva.
 23579 | Lair:5   | Entered Level 5 of the Lair of Beasts
 24049 | Lair:4   | Reached skill level 15 in Fighting
 24050 | Lair:4   | Reached skill level 15 in Armour
 24225 | Lair:5   | Found a glowing silver altar of Zin.
 24769 | Lair:5   | Bought a slimy mace for 248 gold pieces
 24769 | Lair:5   | Identified the +1 mace of Lies {heavy, rN+++ rCorr Str+3
                  | Dex-4} (You bought it in a shop on level 5 of the Lair of
                  | Beasts)
 24769 | Lair:5   | Bought a runed war axe for 201 gold pieces
 24801 | Lair:5   | Noticed Nessos
 24802 | Lair:5   | Nessos changed into Nessos the komodo dragon
 24802 | Lair:5   | Noticed Nessos
 24816 | Lair:5   | Killed Nessos the komodo dragon
 25050 | Lair:5   | Reached skill level 10 in Evocations
 25434 | Lair:5   | Reached skill level 18 in Axes
 25869 | Lair:5   | Found a burning altar of Makhleb.
 26166 | Lair:5   | Found a gateway to Hell.
 27179 | D:14     | Reached XP level 15. HP: 142/144 MP: 14/14
 27194 | D:14     | Found a stormy altar of Qazlal.
 27282 | D:14     | Identified the +5 short sword "Pendulum" {antimagic,
                  | Fragile Str+3 Int+5}
 27423 | D:14     | Identified the +9 quarterstaff of Egomania {pain, Will+
                  | Int+6}
 27701 | D:14     | You fall into a shaft and drop 1 floor!
 27701 | D:15     | Entered Level 15 of the Dungeon
 29149 | D:15     | Found a staircase to the Depths.
 29459 | D:14     | Found a portal to a secret trove of treasure.
 29582 | D:10     | Bought the +5 robe of Night {Dark Will+ SInv} for 1080 gold
                  | pieces
 29582 | D:10     | Found the +5 robe of Night {Dark Will+ SInv}
 29765 | D:14     | You paid a toll of the robe of Night to enter a treasure
                  | trove
 29766 | Trove    | Entered a treasure trove
 29775 | Trove    | Identified the +1 pair of gloves of Isarat {rPois}
 29777 | Trove    | Identified the +5 chain mail of Indecent Exposure {Will+
                  | Str+3 Dex+5}
 29779 | Trove    | Identified the +3 buckler of Impermeability {Dex+4}
 29787 | Trove    | Identified the +3 buckler of the Equator {+Blink}
 30320 | Swamp:1  | Entered Level 1 of the Swamp
 31088 | Lair:2   | Reached skill level 19 in Axes
 32225 | Swamp:2  | Upgraded the game from 0.30-a0-996-ga6910c8ee8 to
                  | 0.30-a0-1016-gfb0d676c02
 32495 | Swamp:2  | Found a runed translucent gate.
 32495 | Swamp:2  | Found a runed translucent gate.
 32495 | Swamp:2  | Found a runed translucent gate.
 32703 | Swamp:2  | Noticed SoulCrusher669's ghost (adept DsGl)
 32703 | Swamp:2  | Noticed Ahup's ghost (adept MiFi)
 32704 | Swamp:2  | Noticed Vioczuc's ghost (adept TrCK)
 33114 | Swamp:3  | Reached XP level 16. HP: 155/155 MP: 15/15
 33250 | Swamp:3  | Found a transporter.
 33251 | Swamp:3  | Noticed Rendar's ghost (adept TrEE)
 33265 | Swamp:3  | Found a transporter.
 34022 | Swamp:4  | Entered Level 4 of the Swamp
 35103 | Swamp:4  | Bought an encrusted battleaxe for 448 gold pieces
 35103 | Swamp:4  | Identified the +5 battleaxe of Yesterday {venom, rPois rC+
                  | Str+2} (You bought it in a shop on level 4 of the Swamp)
 35353 | Swamp:4  | Reached skill level 20 in Axes
 35978 | Swamp:4  | Got a decaying rune of Zot
 36610 | Spider:1 | Entered Level 1 of the Spider Nest
 36630 | Lair:2   | Slain by a ghost moth

Illustrated notes

Levels and vault maps discovered:
D:1:      mrwooster_arrival_statue_3, layout_basic
D:2:      layout_loops_corners, serial_shops, shop, serial_bayou,
          serial_bayou_ford_a, serial_bayou_pond_b, serial_bayou_pond_b,
          serial_bayou_shore_a, nicolae_ecumenical_lake_church,
          uniq_crazy_yiuf_cottage
D:3:      layout_rooms, mainiacjoe_overflow_catwalk,
          mainiacjoe_overflow_divided_tiny, grunt_ministairs_14
D:4:      minmay_goblin_kobold_castle, layout_basic,
          minmay_temple_entry_overgrown, minmay_manual_macuahuitl, uniq_edmund,
          uniq_robin
D:5:      layout_rooms, cheibriados_altar_1, enter_ossuary_3, uniq_pikel,
          uniq_prince_ribbit1, uniq_sigmund
D:6:      layout_basic
D:7:      layout_gridville, cheibrodos_ashenzari_chains,
          mainiacjoe_overflow_concentric_impassable, dreamdust_princess_bridge,
          chequers_jeans, hellmonk_guarded_unrand_gyre_and_gimble, uniq_joseph
D:8:      layout_gridville
D:9:      layout_roguey, uniq_erica
D:10:     layout_grid_maze, nicolae_uskayaw_suspiria, orc_0_dummy
D:11:     layout_roguey, lair_entry_dummy, nicolae_yredelemnul_corpse_copse
D:12:     layout_cave_pools, serial_column_ruins, column_ruins_open_small,
          column_ruins_open_medium, column_ruins_columns_straight,
          column_ruins_open_large, column_ruins_grid_2,
          column_ruins_corridor_corner, column_ruins_corridor_corner,
          gauntlet_entry_generic
D:13:     layout_stronghold, david_vaults_1, gammafunk_ghost_smash,
          roderic_batcave
D:14:     layout_loops_ring, nicolae_trove_entry_path_of_doom,
          nicolae_qazlal_scattered_showers
D:15:     gammafunk_enter_depths_forms, layout_irregular_city,
          serial_bayou_pond_e
Temple:   minmay_freezing_vapour_temple
Lair:1:   layout_small_grid, special_room [special_room_bee],
          infiniplex_staircase_pool_2
Lair:2:   layout_regular_city, skrybe_swamp_entry_bodies,
          hellmonk_spider_entry_life_and_decay, basic_altar,
          nicolae_lair_liquid_snakes, lemuel_fruit_fields, serial_bayou_shore_b,
          infiniplex_staircase_pool, grunt_megastairs_2
Lair:3:   layout_cave_pods, wad_woods_river_03, cheibrodos_lair_lostbears
Lair:4:   beast_lair_carwin_large_2, layout_regular_city, slime_entry_1,
          nicolae_lair_grazing_beasts [nicolae_sub_lair_graze_edge,
          nicolae_sub_lair_graze_edge, nicolae_sub_lair_graze_edge,
          nicolae_sub_lair_graze_edge], serial_bayou_shore_b, uniq_josephine
Lair:5:   evil_forest, layout_regular_city, basic_altar,
          chequers_serial_rivers_micro_a, uniq_nessos
Swamp:1:  layout_basic_swamp, nicolae_swamp_decorative_isthmus, swamp_pool1
Swamp:2:  layout_falls_marsh, gammafunk_ghost_cemetery,
          evilmike_swamp_ruin_house_4, swamp_pool1
Swamp:3:  layout_basic_swamp, gammafunk_ghost_berserking_beasts,
          evilmike_swamp_ruin_rubble_1, swamp_pool5,
          nicolae_swamp_very_dense_foliage
Swamp:4:  swamp_fiery, layout_basic_swamp, swamp_pool4,
          nicolae_swamp_some_circles
Spider:1: nicolae_spider_hall_of_the_moth_king

Skill      XL: |  1  2  3  4  5  6  7  8  9 10 11 12 13 14 15 16 |
---------------+-------------------------------------------------+-----
Axes           | 4 5 6 7 8 10 11 12 14 16 17 18 19 20 | 20.7
Armour         | 1 2 3 5 7 9 11 12 13 14 16 17 18 | 18.0
Fighting       | 3 4 5 6 7 9 11 13 14 16 17 18 | 18.0
Evocations     | 3 5 6 7 9 10 11 12 | 12.0
Throwing       | |  2.1
Dodging        | |  3.4

Action                     |  1- 3 |  4- 6 |  7- 9 | 10-12 | 13-15 | 16-18 || total
---------------------------+-------+-------+-------+-------+-------+-------++-------
  Melee: War axe           |    92 |   130 |   331 |   153 |  1110 |   234 ||  2050
         Headbutt          |     6 |    26 |    65 |   145 |   251 |    73 ||   566
         Punch             |     2 |     1 |     6 |    12 |    18 |     1 ||    40
         Whip              |       |    10 |       |       |       |       ||    10
         Hand axe          |       |       |       |   444 |       |       ||   444
         Battleaxe         |       |       |       |       |       |    60 ||    60
  Throw: Throwing net      |       |     1 |     3 |       |       |       ||     4
         Dart              |       |       |     1 |       |       |       ||     1
         Boomerang         |       |       |       |     1 |       |       ||     1
 Invoke: Call Merchant     |       |       |       |     1 |     1 |     1 ||     3
         Potion Petition   |       |       |       |     2 |     1 |       ||     3
  Evoke: Wand              |       |       |       |    21 |    29 |       ||    50
    Use: Scroll            |     3 |     6 |       |    13 |     7 |     2 ||    31
         Potion            |       |     3 |     3 |       |       |     1 ||     7
   Stab: Distracted        |       |     1 |     5 |     2 |    12 |     2 ||    22
         Confused          |       |       |       |       |       |     1 ||     1
 Armour: Leather armour    |    21 |    10 |       |       |       |       ||    31
         Chain mail        |       |    49 |   164 |   163 |   112 |   192 ||   680
         Skin              |       |     8 |       |       |       |       ||     8
         Plate armour      |       |       |       |    23 |   429 |       ||   452
  Dodge: Dodged            |   100 |    75 |   189 |   293 |   696 |   231 ||  1584
  Block: Other             |       |       |       |    56 |   393 |    82 ||   531
         Reflection        |       |       |       |     2 |    13 |       ||    15

Table legend: (Time is in decaauts)
 A = Elapsed time spent in this place.
 B = Non-inter-level travel time spent in this place.
 C = Inter-level travel time spent in this place.
 D = Time resting spent in this place.
 E = Time spent auto-exploring this place.
 F = Levels seen in this place.
 G = Mean time per level.
                   A        B        C        D        E       F      G
               +--------+--------+--------+--------+--------+-----+--------+
         Total |  36619 |  33924 |   2695 |   8456 |  18685 |  28 | 1307.8 |
       Dungeon |  21457 |  19496 |   1961 |   4012 |  11753 |  15 | 1430.5 |
        Temple |     15 |     15 |      0 |      0 |     10 |   1 |   15.0 |
          Lair |   8558 |   7981 |    577 |   2231 |   4218 |   5 | 1711.6 |
         Swamp |   5382 |   5226 |    156 |   1643 |   2396 |   4 | 1345.5 |
   Spider Nest |      9 |      9 |      0 |      0 |      0 |   1 |    9.0 |
         Trove |     81 |     81 |      0 |      0 |      2 |   1 |   81.0 |
      Gauntlet |   1114 |   1114 |      0 |    569 |    306 |   1 | 1114.0 |
               +--------+--------+--------+--------+--------+-----+--------+

Top non-repeatable levels by time:
     D:4: 2614 daAuts
 Swamp:3: 2365 daAuts
  Lair:2: 2311 daAuts
  Lair:4: 2041 daAuts
  Lair:5: 1906 daAuts
    D:13: 1768 daAuts
     D:2: 1753 daAuts
    D:11: 1664 daAuts
     D:7: 1613 daAuts
    D:10: 1571 daAuts
    D:15: 1561 daAuts
     D:8: 1345 daAuts
 Swamp:4: 1289 daAuts
     D:5: 1237 daAuts
     D:3: 1207 daAuts
